 Dungeon Crawl Stone Soup version 0.20.1-1-g8b1a95d (webtiles) character file.

133 lysyklops the Gusty (level 5, 0/28 HPs)
             Began as a Tengu Air Elementalist on Nov 19, 2017.
             Slain by a centaur zombie (5 damage)
             ... on level 3 of the Dungeon.
             The game lasted 00:14:30 (3150 turns).

lysyklops the Gusty (Tengu Air Elementalist)        Turns: 3150, Time: 00:14:30

Health: 0/28       AC:  2    Str:  9    XL:     5   Next: 16%
Magic:  2/10       EV: 13    Int: 16    God:
Gold:   97         SH:  0    Dex: 14    Spells: 4/10 levels left

rFire    . . .     SeeInvis .   B - +0 whip
rCold    . . .     Gourm    .   (no shield)
rNeg     . . .     Faith    .   a - +0 robe
rPois    .         Spirit   .   (helmet restricted)
rElec    .         Reflect  .   (no cloak)
rCorr    .         Harm     .   (no gloves)
MR       .....                  (boots unavailable)
Stlth    ++........             (no amulet)
Regen    0.1/turn               (no ring)
MPRegen  0.2/turn               (no ring)

@: no status effects
A: beak, talons 3, able to fly 1
a: Fly


You were on level 3 of the Dungeon.
You were not hungry.

You visited 1 branch of the dungeon, and saw 3 of its levels.

You collected 97 gold pieces.

Inventory:

Hand Weapons
 f - a +0 club
 g - a +0 short sword
 j - a +0 hunting sling
 r - a +0 short sword
 B - a +0 whip (weapon)
Missiles
 k - 133 stones (quivered)
Armour
 a - a +0 robe (worn)
 p - a +0 robe
 q - a +0 helmet
Jewellery
 h - an uncursed ring of protection from magic {unknown}
 l - an uncursed ring of see invisible {unknown}
Scrolls
 e - a scroll of amnesia {unknown}
 s - 2 scrolls of enchant weapon {unknown}
 t - 2 scrolls of remove curse {unknown}
 v - a scroll of teleportation {unknown}
 y - a scroll of fear {unknown}
Potions
 m - 2 potions of cancellation {unknown}
 n - a potion of curing {unknown}
 o - a potion of might {unknown}
 u - a potion of haste {unknown}
 w - a potion of magic {unknown}
 x - a potion of agility {unknown}
 C - a potion of flight {unknown}
Books
 b - a book of Air

   Spells                             Type                      Level
   a - Shock                          Conjuration/Air              1
   b - Swiftness                      Charms/Air                   2
   c - Static Discharge               Conjuration/Air              3
   d - Airstrike                      Air                          4
   e - Lightning Bolt                 Conjuration/Air              5
Comestibles
 c - 4 bread rations
 d - a royal jelly
 i - 3 fruits
 z - a meat ration
 A - 2 chunks of flesh


   Skills:
 + Level 0.2 Fighting
 + Level 0.2 Short Blades
 + Level 2.4 Dodging
 + Level 2.4 Stealth
 + Level 3.1 Spellcasting
 + Level 3.1 Conjurations
 + Level 5.3 Air Magic


You had 4 spell levels left.
You knew the following spells:

 Your Spells              Type           Power        Failure   Level  Hunger
a - Shock                 Conj/Air       ###.         3%          1    None
b - Swiftness             Chrm/Air       ##......     10%         2    ##.....
c - Static Discharge      Conj/Air       ###.....     10%         3    ###....


Dungeon Overview and Level Annotations

Branches:
Dungeon (3/15)

Altars:
Fedhas


Innate Abilities, Weirdness & Mutations

You have a beak for a mouth.
You have claws for feet.
You can fly.


Message History

Aiming: Shock
Press: ? - help, Shift-Dir - straight line, f - hobgoblin, p - centaur zombie
Aim: a hobgoblin (almost dead)
The zap hits the centaur zombie.
The centaur zombie is severely damaged.
The zap hits the orc.
The orc is severely wounded.
The zap hits the hobgoblin.
You kill the hobgoblin!
The centaur zombie hits you.
The centaur zombie completely misses you.
The centaur zombie hits you.
* * * LOW HITPOINT WARNING * * *
Things that are here:
an uncursed club; an uncursed hunting sling; 12 sling bullets The centaur zombie barely misses you.
The centaur zombie hits you.
* * * LOW HITPOINT WARNING * * *
The centaur zombie hits you.
You die...

#.# #.#. #. #..# #.# #.#.
#.######## #..# #.#.# #...
#.......# #..# #.#)# #.#.
##.####.#######... #.#.###.#.##
##.....[....>..##
##....##.##.###.####.##########
##.....)......#.## #.#
#............#.## #.#
##..###....(.oZ@# #.# #####
#.#....#.##.##.# #.# ##...##
#.####.#.##.#..# #.###.....##
#. #.#.##..#.# #.#........#
......>###. .#.........
..#...## # ..........# ..<...#
#.#.....## #..###. #......## .#
#. ###.#.####


You could see an orc and a centaur zombie.

Vanquished Creatures
  Natasha (D:3)
  2 adders
  2 oozes (D:1)
  A worm (D:3)
  A dart slug (D:1)
  3 leopard geckos
  3 orcs (D:3)
  3 giant cockroaches (D:1)
  6 hobgoblins
  9 kobolds
  2 quokkas
  2 ball pythons
  7 bats
  5 frilled lizards
  7 goblins
  23 rats
77 creatures vanquished.

Notes
Turn   | Place    | Note
-------+----------+-------------------------------------------
     0 | D:1      | lysyklops the Tengu Air Elementalist began the quest for the Orb.
     0 | D:1      | Reached XP level 1. HP: 10/10 MP: 4/4
    99 | D:1      | Reached XP level 2. HP: 15/15 MP: 0/6
   111 | D:1      | Learned a level 2 spell: Swiftness
   786 | D:1      | Reached XP level 3. HP: 19/19 MP: 2/7
   795 | D:1      | Learned a level 3 spell: Static Discharge
   967 | D:1      | Reached skill level 5 in Air Magic
  1406 | D:2      | Found a blossoming altar of Fedhas.
  1941 | D:2      | Reached XP level 4. HP: 24/24 MP: 7/9
  2059 | D:2      | HP: 1/24 [/static electricity (2)]
  2622 | D:3      | Noticed Natasha
  2629 | D:3      | Killed Natasha
  2960 | D:3      | Gained mutation: You can fly. [Tengu growth]
  2960 | D:3      | Reached XP level 5. HP: 26/28 MP: 2/10
  3150 | D:3      | Slain by a centaur zombie

Skill      XL: |  1  2  3  4 |
---------------+-------------+-----
Air Magic      | 5 |  5.3
Conjurations   | 2 3 |  3.1
Spellcasting   | 3 |  3.1
Fighting       | |  0.2
Short Blades   | |  0.2
Dodging        | |  2.4
Stealth        | |  2.4

Action                   |  1- 3 |  4- 6 || total
-------------------------+-------+-------++-------
Melee: Short sword       |     4 |       ||     4
       Kick              |     2 |     2 ||     4
       Whip              |     1 |    21 ||    22
       Peck              |       |     2 ||     2
 Cast: Shock             |    72 |    55 ||   127
       Static Discharge  |     2 |     4 ||     6
  Eat: Chunk             |     4 |     5 ||     9
Armor: Robe              |     5 |     6 ||    11
Dodge: Dodged            |     9 |    16 ||    25
